 Dungeon Crawl Stone Soup version 0.28.0 (webtiles) character file.

Game seed: 9322841080473783897

101 GrayStillPlays the Skirmisher (level 4, -7/37 HPs)
             Began as a Demonspawn Fighter on Feb 13, 2022.
             Killed by divine providence
             ... invoked by an orc priest
              (15 damage)
             ... on level 3 of the Dungeon.
             The game lasted 00:02:27 (2002 turns).

GrayStillPlays the Skirmisher (Demonspawn Fighter)  Turns: 2002, Time: 00:02:27

Health: -7/37      AC: 10    Str: 18    XL:     4   Next: 48%
Magic:  4/4        EV:  9    Int:  9    God:
Gold:   75         SH:  5    Dex: 13    Spells: 3/3 levels left

rFire   . . .      SeeInvis .   a - +0 war axe {axe}
rCold   . . .      Faith    .   c - +0 buckler
rNeg    . . .      Spirit   .   b - +0 scale mail
rPois   .          Reflect  .   (no helmet)
rElec   .          Harm     .   (no cloak)
rCorr   .          Rampage  .   j - +0 pair of gloves
Will    .....                   (no boots)
Stlth   ..........              (no amulet)
HPRegen 0.12/turn               (no ring)
MPRegen 0.09/turn               (no ring)

@: no status effects
A: thin metallic scales 1, ignite blood 1
a: no special abilities


You were on level 3 of the Dungeon.
You visited 1 branch of the dungeon, and saw 3 of its levels.

You collected 75 gold pieces.


Innate Abilities, Weirdness & Mutations

You are partially covered in thin metallic scales. (AC +2)
Your demonic aura sometimes causes spilled blood to erupt in flames.


   Skills:
 + Level 3.7 Fighting
 + Level 2.6 Axes
 + Level 3.3 Armour
 + Level 0.0 Dodging
 + Level 3.3 Shields


You had 3 spell levels left.
You didn't know any spells.
Your spell library was empty.

Inventory:

Hand Weapons
 a - a +0 war axe (weapon) {axe}
Missiles
 e - 15 arrows
 g - 53 stones (quivered) {throwing}
Armour
 b - a +0 scale mail (worn)
 c - a +0 buckler (worn)
 j - a +0 pair of gloves (worn)
   (You found it on level 2 of the Dungeon)
Magical Staves
 l - a staff of fire {!astaff}
   (You found it on level 2 of the Dungeon)
Scrolls
 f - a scroll of teleportation {unknown}
 i - a scroll of identify {unknown}
 k - a scroll of vulnerability {unknown}
Potions
 d - a potion of might
 h - 3 potions of mutation {unknown}

Dungeon Overview and Level Annotations

Branches:
Dungeon (3/15)

Altars:

Shops:
D:2

![(* ### ## #.. ..#
#.# #.##### #.#
#.#...
##.####.#.#######
#.<......@<.....#
#.....#..######.#
##..#...o#.)..#
###.#....o.#...$...
#......#.#.#..^..(.
#####....#.#.#.....
#.#..#.#.#.####
#.#.##.#.. #
#.#....#..


You could see an orc priest.


Message History

Key pressed, stopping explore.
Key pressed, stopping explore.
Key pressed, stopping explore.
Key pressed, stopping explore.
A ball python comes into view.
The ball python hisses angrily.
A ball python is nearby!
A ball python is nearby!
A ball python is nearby! 😎 HP[+1]
Your hp is fully restored (37).
A ball python is nearby!
The ball python closely misses you. The ball python grabs you.
The ball python constricts you.
You hit the ball python.
You kill the ball python!
No target in view!
No target in view!
Sorry, you're not good enough to have a special ability.
l - a staff of fire {!astaff} Key pressed, stopping explore.
A frilled lizard comes into view.
The frilled lizard hisses angrily.
The frilled lizard moves out of view.
A frilled lizard is nearby!
A frilled lizard is nearby!
A frilled lizard is nearby!
The frilled lizard bites you but does no damage.
You barely miss the frilled lizard. The frilled lizard closely misses you.
You barely miss the frilled lizard. The frilled lizard barely misses you.
The frilled lizard bites you but does no damage.
You barely miss the frilled lizard. You block the frilled lizard's attack.
You miss the frilled lizard. You block the frilled lizard's attack.
You miss the frilled lizard. The frilled lizard misses you.
The frilled lizard bites you but does no damage.
You closely miss the frilled lizard.
The frilled lizard bites you but does no damage.
You hit the frilled lizard.
You kill the frilled lizard!
No target in view!
No target in view!
Key pressed, stopping explore.
Key pressed, stopping explore.
Key pressed, stopping explore.
Key pressed, stopping explore.
Done exploring.
Done exploring.
Done exploring.
No target in view!
No target in view!
Done exploring.
A rat comes into view.
You closely miss the rat. The rat closely misses you.
You slash the rat!
You kill the rat!
There is a stone staircase leading up here.
There is a stone staircase leading down here.
You climb downwards.
There is a stone staircase leading up here.
Found a stone staircase leading up. 2 orc priests and a hobgoblin come into view.
The orc priest shouts! x2; The hobgoblin shouts!
You hear a shout!
An orc comes into view. It is wielding a +0 club.
The orc priest moves out of view.
You barely miss the hobgoblin.
An orc priest comes into view. It is wielding a +0 club.
The hobgoblin completely misses you.
You slash the hobgoblin!
You kill the hobgoblin!
Things that are here:
a gluggy blue potion; a hobgoblin corpse You closely miss the orc priest.
The orc priest hits you but does no damage.
The orc priest calls down the wrath of Beogh upon you.
Beogh smites you!
The orc priest hits you with a +0 whip. 😮 HP[-15]
You take 15 damage, and now have 22/37 hp.
MASSIVE DAMAGE!! (PAUSE)
The orc priest looks braver for a moment.
You hit the orc priest. The orc priest hits you with a +0 whip.
* * * LOW HITPOINT WARNING * * *
😨 HP[-4]
You take 4 damage, and now have 18/37 hp.
You closely miss the orc priest. The orc priest closely misses you.
The orc hits you but does no damage.
You slash the orc!
You kill the orc!
You slash the orc priest!
The orc priest invokes the aid of Beogh against you.
Beogh smites you!
* * * LOW HITPOINT WARNING * * *
You block the orc priest's attack. 😱 HP[-10]
You take 10 damage, and now have 8/37 hp.
MASSIVE DAMAGE!! (PAUSE)
The orc priest barely misses you.
The orc priest calls down the wrath of Beogh upon you.
Beogh smites you!
You die...

Skill      XL: |  1  2 |
---------------+-------+-----
Axes           | 2 |  2.6
Armour         | 3 |  3.3
Shields        | 3 |  3.3
Fighting       | |  3.7

Action                   |  1- 3 |  4- 6 || total
-------------------------+-------+-------++-------
Melee: War axe           |    97 |    47 ||   144
Armor: Scale mail        |    70 |    27 ||    97
Dodge: Dodged            |    43 |    29 ||    72
Block: Buckler           |    31 |    11 ||    42

Levels and vault maps discovered:
D:1:      sevenhm_arrival_forest_fort_small_3, layout_basic
D:2:      layout_rooms, serial_shops, shop,
          nicolae_shop_temple_entry_statues_fountains, shop,
          nicolae_shop_crystal, skrybe_limestone_x
D:3:      layout_basic, kennysheep_generic_room_5

Notes
Turn   | Place    | Note
-------+----------+-------------------------------------------
     0 | D:1      | GrayStillPlays the Demonspawn Fighter began the quest for
                  | the Orb.
     0 | D:1      | Reached XP level 1. HP: 18/18 MP: 1/1
     0 | D:1      | magus.rc [v1.9.6]
   361 | D:1      | Reached skill level 2 in Axes
   361 | D:1      | Gained mutation: You are partially covered in thin metallic
                  | scales. (AC +2) [demonic ancestry]
   361 | D:1      | Reached XP level 2. HP: 24/24 MP: 2/2
  1160 | D:2      | Reached skill level 3 in Armour
  1170 | D:2      | Reached skill level 3 in Shields
  1227 | D:2      | Found Keasiw's Assorted Antiques.
  1239 | D:2      | Reached XP level 3. HP: 25/29 MP: 3/3
  1341 | D:2      | Found Lieraps's Weapon Boutique.
  1422 | D:2      | Found Exzus's Armour Boutique.
  1430 | D:2      | Found Rymeirong's Distillery.
  1500 | D:2      | Gained mutation: Your demonic aura sometimes causes spilled
                  | blood to erupt in flames. [demonic ancestry]
  1500 | D:2      | Reached XP level 4. HP: 32/36 MP: 4/4
  1998 | D:3      | HP: 8/37 [orc priest/divine providence (11)]
  2002 | D:3      | Killed from afar by an orc priest

Vanquished Creatures
  A hound (D:2)
  2 adders (D:2)
  A worm (D:2)
  A dart slug (D:1)
  An orc (D:3)
  2 endoplasms
  5 hobgoblins
  4 jackals (D:2)
  3 quokkas
  4 ball pythons
  8 bats
  5 frilled lizards
  5 goblins
  3 kobolds
  3 rats
48 creatures vanquished.

Table legend:
 A = Non-vault XP
 B = Vault XP
 C = Vault XP percentage of total XP
 D = Non-vault monster count
 E = Vault monster count
 F = Vault count percentage of total count
                 A         B        C        D         E       F
            +---------+---------+-------+---------+---------+-------
      Total |     145 |       0 |   0.0 |      48 |       0 |   0.0
            +---------+---------+-------+---------+---------+-------
        D:1 |      31 |       0 |   0.0 |      20 |       0 |   0.0
        D:2 |     109 |       0 |   0.0 |      26 |       0 |   0.0
        D:3 |       5 |       0 |   0.0 |       2 |       0 |   0.0
            +---------+---------+-------+---------+---------+-------

Illustrated notes

Table legend:
 A = Kills in this place as a percentage of kills in entire the game.
 B = Kills by you in this place as a percentage of kills by you in the entire game.
 C = Kills by friends in this place as a percentage of kills by friends in the entire game.
 D = Other kills in this place as a percentage of other kills in the entire game.
 E = Experience gained in this place as a percentage of experience gained in the entire game.
 F = Experience gained in this place divided by the number of levels of this place that you have seen.
                   A       B       C       D       E      F
               +-------+-------+-------+-------+-------+----------------------
         Total | 100.0 | 100.0 |   N/A |   N/A | 100.0 |  48.3
       Dungeon | 100.0 | 100.0 |   N/A |   N/A | 100.0 |  48.3
               +-------+-------+-------+-------+-------+----------------------

Table legend: (Time is in decaauts)
 A = Elapsed time spent in this place.
 B = Non-inter-level travel time spent in this place.
 C = Inter-level travel time spent in this place.
 D = Time resting spent in this place.
 E = Time spent auto-exploring this place.
 F = Levels seen in this place.
 G = Mean time per level.
                   A        B        C        D        E       F      G
               +--------+--------+--------+--------+--------+-----+--------+
         Total |   2062 |   1995 |     67 |      0 |   1639 |   3 |  687.3 |
       Dungeon |   2062 |   1995 |     67 |      0 |   1639 |   3 |  687.3 |
               +--------+--------+--------+--------+--------+-----+--------+

Top non-repeatable levels by time:
     D:1: 1170 daAuts
     D:2: 866 daAuts
     D:3: 25 daAuts
